[ AOE2 MATCH · #505787602 ]
UnrankedHuns vs Saracens
Player's team · LOSS
Rival team · WIN
[ REPLAY ANALYSIS · EXTRACTED FROM THE RECORDED GAME ]
Feudal
10:30
Castle
22:10
Imperial
—
| APM avg | 73.5 |
| APM peak | 130 |
| eAPM avg | 33.7 |
| Villagers / military | 69 / 85 |
Focus
⚔️ 30.4% · 🌾 69.6%
Knight ×44 · Archer ×22 · Skirmisher ×5 · Battering Ram ×5 · Militia ×3 · Spearman ×3
Feudal
9:51
Castle
22:02
Imperial
—
| APM avg | 46.0 |
| APM peak | 68 |
| eAPM avg | 22.1 |
| Villagers / military | 72 / 48 |
Focus
⚔️ 28.9% · 🌾 71.1%
Archer ×27 · Mameluke ×16 · Monk ×2 · Militia ×1 · Spearman ×1 · Skirmisher ×1
Match map
Initial resources + every placement click. Lines = walls · curves = elevation contours. ◆ gold · ⬟ stone · ● berries · ✦ relic · ◌ wall gap
Your base· Open — unwalled flank
No Pauses's base· Open — 6t gap
Smoothed initial terrain · ◌ = detected wall gap · hover for details
Inputs per minute
— Pedro - - No Pauses
Build order — Pedro
First 150 of 244 actions detected
| 0:00 | Queue | Villager (Male) |
| 0:00 | Queue | Villager (Male) |
| 0:01 | Queue | Villager (Male) |
| 0:01 | Queue | Villager (Male) |
| 1:22 | Queue | Villager (Male) |
| 1:39 | Queue | Villager (Male) |
| 1:51 | Build | Lumber Camp |
| 2:10 | Queue | Villager (Male) |
| 2:42 | Queue | Villager (Male) |
| 2:48 | Queue | Villager (Male) |
| 3:33 | Queue | Villager (Male) |
| 4:05 | Queue | Villager (Male) |
| 4:19 | Queue | Villager (Male) |
| 4:37 | Queue | Villager (Male) |
| 5:04 | Queue | Villager (Male) |
| 5:13 | Build | Barracks |
| 5:15 | Queue | Villager (Male) |
| 5:27 | Queue | Villager (Male) |
| 5:43 | Queue | Villager (Male) |
| 6:15 | Queue | Militia |
| 6:15 | Queue | Militia |
| 6:17 | Queue | Villager (Male) |
| 6:24 | Build | Mill |
| 7:07 | Queue | Militia |
| 7:13 | Queue | Villager (Male) |
| 7:27 | Research | Loom |
| 7:40 | Queue | Villager (Male) |
| 8:15 | Research | Feudal Age |
| 8:33 | Build | Lumber Camp |
| 9:00 | Build | Mining Camp |
| 9:07 | Queue | Villager (Male) |
| 9:45 | Queue | Villager (Male) |
| 10:30 | Age | Feudal Age |
| 10:33 | Research | Man-at-Arms (upgrade) |
| 10:34 | Research | Man-at-Arms (upgrade) |
| 10:35 | Research | Double-Bit Axe |
| 10:35 | Research | Double-Bit Axe |
| 10:36 | Queue | Villager (Male) |
| 10:38 | Queue | Villager (Male) |
| 10:42 | Build | Archery Range |
| 10:55 | Queue | Villager (Male) |
| 11:24 | Build | Archery Range |
| 11:24 | Queue | Archer |
| 11:26 | Queue | Villager (Male) |
| 11:39 | Queue | Archer |
| 11:40 | Queue | Archer |
| 11:40 | Queue | Villager (Male) |
| 11:56 | Build | Blacksmith |
| 12:08 | Build | Watch Tower |
| 12:15 | Queue | Archer |
| 12:20 | Queue | Villager (Male) |
| 12:31 | Queue | Archer |
| 12:40 | Queue | Villager (Male) |
| 12:50 | Research | Fletching |
| 12:50 | Research | Fletching |
| 12:51 | Queue | Skirmisher |
| 12:51 | Queue | Skirmisher |
| 13:06 | Queue | Villager (Male) |
| 13:09 | Build | Farm |
| 13:11 | Build | Farm |
| 13:23 | Queue | Villager (Male) |
| 13:51 | Build | Farm |
| 13:53 | Build | Palisade Wall |
| 13:54 | Build | Palisade Wall |
| 13:55 | Build | Palisade Wall |
| 13:57 | Build | Palisade Wall |
| 14:08 | Build | Farm |
| 14:11 | Queue | Archer |
| 14:12 | Queue | Archer |
| 14:18 | Queue | Archer |
| 14:19 | Queue | Archer |
| 14:21 | Queue | Spearman |
| 14:21 | Queue | Spearman |
| 14:25 | Queue | Archer |
| 14:36 | Queue | Skirmisher |
| 14:37 | Queue | Spearman |
| 14:44 | Build | Farm |
| 14:57 | Build | Farm |
| 14:57 | Queue | Villager (Male) |
| 15:08 | Build | Palisade Wall |
| 15:14 | Queue | Villager (Male) |
| 15:15 | Queue | Archer |
| 15:15 | Queue | Archer |
| 15:16 | Queue | Archer |
| 15:23 | Build | Farm |
| 15:23 | Build | Farm |
| 15:24 | Build | Farm |
| 15:24 | Build | Farm |
| 15:24 | Build | Farm |
| 15:59 | Queue | Archer |
| 15:59 | Queue | Archer |
| 16:00 | Queue | Archer |
| 16:05 | Build | Farm |
| 16:07 | Build | Farm |
| 16:23 | Build | Farm |
| 16:30 | Queue | Villager (Male) |
| 16:30 | Queue | Villager (Male) |
| 16:32 | Build | Farm |
| 16:32 | Queue | Villager (Male) |
| 16:36 | Queue | Archer |
| 16:37 | Queue | Archer |
| 16:38 | Queue | Villager (Male) |
| 16:50 | Queue | Villager (Male) |
| 17:00 | Queue | Archer |
| 17:00 | Queue | Archer |
| 17:01 | Queue | Villager (Male) |
| 17:03 | Build | Farm |
| 17:35 | Build | Farm |
| 17:37 | Queue | Villager (Male) |
| 17:48 | Queue | Archer |
| 17:48 | Queue | Archer |
| 17:50 | Queue | Villager (Male) |
| 17:50 | Queue | Villager (Male) |
| 17:54 | Build | Farm |
| 18:08 | Queue | Villager (Male) |
| 18:32 | Build | Farm |
| 18:33 | Queue | Villager (Male) |
| 18:37 | Build | Market |
| 19:25 | Build | Farm |
| 19:30 | Research | Castle Age |
| 20:07 | Build | Stable |
| 20:26 | Build | Stable |
| 20:54 | Research | Scale Barding Armor |
| 21:07 | Queue | Villager (Male) |
| 21:20 | Research | Forging |
| 21:21 | Research | Forging |
| 21:23 | Research | Bloodlines |
| 21:23 | Research | Bloodlines |
| 21:39 | Queue | Villager (Male) |
| 21:43 | Build | Lumber Camp |
| 21:54 | Queue | Skirmisher |
| 21:54 | Queue | Skirmisher |
| 22:10 | Age | Castle Age |
| 22:10 | Queue | Knight |
| 22:11 | Queue | Knight |
| 22:11 | Queue | Knight |
| 22:11 | Queue | Knight |
| 22:13 | Queue | Villager (Male) |
| 22:20 | Build | Siege Workshop |
| 22:21 | Queue | Villager (Male) |
| 22:44 | Queue | Villager (Male) |
| 22:46 | Build | Farm |
| 22:55 | Queue | Villager (Male) |
| 23:26 | Queue | Mangonel |
| 23:26 | Queue | Mangonel |
| 23:31 | Build | Mining Camp |
| 23:41 | Queue | Villager (Male) |
| 23:42 | Build | Farm |
| 23:44 | Queue | Villager (Male) |
| 23:58 | Build | Farm |
Build order — No Pauses
First 150 of 234 actions detected
| 0:01 | Queue | Villager (Male) |
| 0:01 | Queue | Villager (Male) |
| 0:02 | Queue | Villager (Male) |
| 0:02 | Queue | Villager (Male) |
| 0:02 | Build | House |
| 0:04 | Build | House |
| 1:17 | Queue | Villager (Male) |
| 1:59 | Build | Lumber Camp |
| 2:03 | Queue | Villager (Male) |
| 2:03 | Queue | Villager (Male) |
| 2:10 | Queue | Villager (Male) |
| 2:33 | Queue | Villager (Male) |
| 3:11 | Queue | Villager (Male) |
| 3:20 | Queue | Villager (Male) |
| 3:20 | Queue | Villager (Male) |
| 3:41 | Queue | Villager (Male) |
| 3:41 | Queue | Villager (Male) |
| 3:53 | Build | House |
| 3:59 | Queue | Villager (Male) |
| 4:07 | Build | House |
| 4:13 | Queue | Villager (Male) |
| 4:13 | Queue | Villager (Male) |
| 4:19 | Build | Mill |
| 4:38 | Queue | Villager (Male) |
| 4:51 | Queue | Villager (Male) |
| 4:51 | Queue | Villager (Male) |
| 5:09 | Queue | Villager (Male) |
| 5:28 | Queue | Villager (Male) |
| 5:55 | Queue | Villager (Male) |
| 5:59 | Queue | Villager (Male) |
| 6:47 | Build | Mining Camp |
| 6:53 | Research | Loom |
| 7:24 | Build | Palisade Wall |
| 7:25 | Build | Palisade Wall |
| 7:29 | Build | Palisade Wall |
| 7:36 | Build | Palisade Wall |
| 7:41 | Research | Feudal Age |
| 7:56 | Build | Palisade Wall |
| 7:59 | Build | Barracks |
| 8:02 | Build | Palisade Wall |
| 8:07 | Build | Palisade Wall |
| 8:36 | Build | Palisade Wall |
| 8:39 | Build | Palisade Wall |
| 8:39 | Build | Palisade Wall |
| 8:41 | Build | Palisade Wall |
| 8:42 | Build | Palisade Wall |
| 9:13 | Build | Palisade Wall |
| 9:28 | Build | Palisade Wall |
| 9:51 | Age | Feudal Age |
| 9:54 | Queue | Villager (Male) |
| 10:03 | Build | Archery Range |
| 10:06 | Queue | Villager (Male) |
| 10:17 | Queue | Villager (Male) |
| 10:17 | Queue | Villager (Male) |
| 10:35 | Research | Double-Bit Axe |
| 10:43 | Queue | Villager (Male) |
| 10:49 | Queue | Archer |
| 11:06 | Queue | Archer |
| 11:15 | Build | House |
| 11:19 | Queue | Militia |
| 11:23 | Build | Blacksmith |
| 11:25 | Queue | Villager (Male) |
| 11:31 | Queue | Archer |
| 11:33 | Build | Palisade Wall |
| 11:36 | Build | Palisade Wall |
| 11:36 | Build | Palisade Wall |
| 11:38 | Queue | Villager (Male) |
| 11:45 | Build | House |
| 11:49 | Build | Palisade Wall |
| 11:57 | Queue | Archer |
| 12:02 | Queue | Villager (Male) |
| 12:08 | Research | Fletching |
| 12:22 | Build | Farm |
| 12:36 | Queue | Archer |
| 12:42 | Build | House |
| 12:45 | Build | House |
| 12:48 | Queue | Villager (Male) |
| 12:57 | Queue | Villager (Male) |
| 12:57 | Queue | Villager (Male) |
| 12:59 | Build | Farm |
| 13:02 | Build | Farm |
| 13:03 | Build | Farm |
| 13:16 | Queue | Villager (Male) |
| 13:16 | Queue | Villager (Male) |
| 13:23 | Build | Farm |
| 13:29 | Build | Farm |
| 13:52 | Queue | Villager (Male) |
| 13:54 | Build | Farm |
| 14:31 | Queue | Villager (Male) |
| 15:07 | Queue | Villager (Male) |
| 15:08 | Queue | Villager (Male) |
| 15:10 | Build | Lumber Camp |
| 15:55 | Queue | Villager (Male) |
| 15:55 | Queue | Villager (Male) |
| 16:00 | Queue | Villager (Male) |
| 16:01 | Build | Outpost |
| 16:07 | Build | Lumber Camp |
| 16:12 | Queue | Archer |
| 16:14 | Queue | Archer |
| 16:14 | Queue | Archer |
| 16:17 | Queue | Villager (Male) |
| 16:23 | Build | House |
| 16:31 | Queue | Villager (Male) |
| 16:31 | Queue | Villager (Male) |
| 16:34 | Build | Outpost |
| 16:40 | Queue | Villager (Male) |
| 16:45 | Build | Farm |
| 16:45 | Build | Farm |
| 16:46 | Build | Farm |
| 16:49 | Queue | Villager (Male) |
| 16:50 | Queue | Archer |
| 16:50 | Queue | Archer |
| 17:01 | Research | Wheelbarrow |
| 17:03 | Queue | Villager (Male) |
| 17:03 | Queue | Villager (Male) |
| 17:09 | Queue | Archer |
| 17:09 | Queue | Archer |
| 17:22 | Build | House |
| 17:22 | Build | House |
| 17:24 | Build | House |
| 17:25 | Build | Palisade Wall |
| 17:37 | Build | Market |
| 17:40 | Build | Palisade Wall |
| 17:43 | Queue | Villager (Male) |
| 17:56 | Build | Farm |
| 17:58 | Build | Farm |
| 18:22 | Queue | Archer |
| 18:22 | Queue | Archer |
| 18:26 | Queue | Skirmisher |
| 18:50 | Build | Mining Camp |
| 19:03 | Build | House |
| 19:22 | Research | Castle Age |
| 19:26 | Build | House |
| 19:32 | Build | House |
| 19:33 | Queue | Spearman |
| 19:54 | Build | Market |
| 20:00 | Build | House |
| 20:04 | Build | Palisade Wall |
| 20:13 | Build | Palisade Wall |
| 20:31 | Queue | Archer |
| 20:32 | Queue | Archer |
| 20:36 | Queue | Archer |
| 20:36 | Queue | Archer |
| 20:51 | Queue | Archer |
| 20:51 | Queue | Archer |
| 20:57 | Build | House |
| 21:12 | Research | Gold Mining |
| 21:34 | Queue | Archer |
| 21:34 | Queue | Archer |
| 21:51 | Build | House |
Match timeline
| 5:13 | Pedro · first_building Barracks |
| 7:24 | No Pauses · wall_segment Palisade Wall x1 |
| 7:25 | No Pauses · wall_segment Palisade Wall x1 |
| 7:29 | No Pauses · wall_segment Palisade Wall x1 |
| 7:36 | No Pauses · wall_segment Palisade Wall x1 |
| 7:56 | No Pauses · wall_segment Palisade Wall x1 |
| 7:59 | No Pauses · first_building Barracks |
| 8:02 | No Pauses · wall_segment Palisade Wall x1 |
| 8:07 | No Pauses · wall_segment Palisade Wall x1 |
| 8:36 | No Pauses · wall_segment Palisade Wall x1 |
| 8:39 | No Pauses · wall_segment Palisade Wall x1 |
| 8:39 | No Pauses · wall_segment Palisade Wall x1 |
| 8:41 | No Pauses · wall_segment Palisade Wall x1 |
| 8:42 | No Pauses · wall_segment Palisade Wall x1 |
| 9:13 | No Pauses · wall_segment Palisade Wall x7 |
| 9:28 | No Pauses · wall_segment Palisade Wall x1 |
| 9:51 | No Pauses · age_up feudal |
| 10:03 | No Pauses · first_building Archery Range |
| 10:30 | Pedro · age_up feudal |
| 10:42 | Pedro · first_building Archery Range |
| 11:33 | No Pauses · wall_segment Palisade Wall x1 |
| 11:36 | No Pauses · wall_segment Palisade Wall x1 |
| 11:36 | No Pauses · wall_segment Palisade Wall x1 |
| 11:49 | No Pauses · wall_segment Palisade Wall x1 |
| 13:53 | Pedro · wall_segment Palisade Wall x1 |
| 13:54 | Pedro · wall_segment Palisade Wall x1 |
| 13:55 | Pedro · wall_segment Palisade Wall x1 |
| 13:57 | Pedro · wall_segment Palisade Wall x1 |
| 15:08 | Pedro · wall_segment Palisade Wall x1 |
| 17:25 | No Pauses · wall_segment Palisade Wall x1 |
| 17:40 | No Pauses · wall_segment Palisade Wall x7 |
| 18:43 | No Pauses · first_market_sell 100 stone |
| 18:45 | No Pauses · first_market_buy 100 food |
| 20:04 | No Pauses · wall_segment Palisade Wall x10 |
| 20:07 | Pedro · first_building Stable |
| 20:13 | No Pauses · wall_segment Palisade Wall x1 |
| 22:02 | No Pauses · age_up castle |
| 22:10 | Pedro · age_up castle |
| 22:20 | Pedro · first_building Siege Workshop |
| 23:21 | No Pauses · first_building Castle |
| 23:24 | Pedro · first_market_sell 100 food |
| 25:15 | No Pauses · first_building Monastery |
| 25:39 | No Pauses · wall_segment Palisade Wall x1 |
| 26:19 | No Pauses · wall_segment Palisade Wall x1 |
| 27:59 | No Pauses · first_building Stable |
| 29:48 | Pedro · first_market_buy 100 food |
| 33:39 | Pedro · resign |
[ AI ANALYSIS · 1 CREDIT ]
What really happened in this match?
Wolo.gg analyzes every decision: build order, eco, micro, common mistakes by bracket. Personalized analysis on WhatsApp or Discord in 30 seconds.
Civ guide
Huns
Perfil
Jugador #339375